 Dungeon Crawl Stone Soup version 0.24.0-7-gb3623d2c88 (console) character file.

Game seed: 17457325908278785809, levelgen mode: deterministic

53 AlterAsc the Ruffian (level 3, 0/32 HPs)
             Began as a Naga Transmuter on Nov 2, 2019.
             Slain by an adder (3 damage)
             ... on level 2 of the Dungeon.
             The game lasted 00:06:26 (1251 turns).

AlterAsc the Ruffian (Naga Transmuter)              Turns: 1251, Time: 00:06:27

Health: 0/32       AC:  2    Str: 12    XL:     3   Next: 89%
Magic:  2/6        EV:  9    Int: 14    God:
Gold:   64         SH:  0    Dex: 11    Spells: 3/6 levels left

rFire    . . .     SeeInvis +     - Unarmed
rCold    . . .     Gourm    .   (no shield)
rNeg     . . .     Faith    .   g - +0 leather armour
rPois    +         Spirit   .   (no helmet)
rElec    .         Reflect  .   (no cloak)
rCorr    .         Harm     .   (no gloves)
MR       .....                  (no barding)
Stlth    +.........             (no amulet)
HPRegen  0.10/turn              (no ring)
MPRegen  0.10/turn              (no ring)

@: short of breath, very slightly contaminated, very slow
A: large, see invisible, deformed body, poison resistance, slowness 2, slow
metabolism 1, spit poison 1, AC +1
a: Spit Poison


You were on level 2 of the Dungeon.
You were hungry.

You visited 1 branch of the dungeon, and saw 2 of its levels.

You collected 64 gold pieces.

Inventory:

Missiles
 a - 10 arrows
Armour
 b - a +0 robe
 g - a +0 leather armour (worn)
 i - a +2 robe of resistance
 n - a +0 ring mail
Scrolls
 c - 3 scrolls of identify {unknown}
 e - 2 scrolls of remove curse {unknown}
 m - a scroll of random uselessness {unknown}
 o - a scroll of teleportation {unknown}
Potions
 f - a potion of degeneration {unknown}
 h - 2 potions of agility {unknown}
 j - a potion of might {unknown}
 l - a potion of brilliance {unknown}
Comestibles
 d - 2 rations
 k - 3 chunks of flesh


   Skills:
 * Level 1.7 Fighting
 + Level 0.3 Armour
 + Level 1.8 Dodging
 * Level 3.3 Unarmed Combat
 * Level 2.4 Spellcasting
 * Level 2.5 Transmutations


You had 3 spell levels left.
You knew the following spells:

 Your Spells              Type           Power        Failure   Level  Hunger
a - Beastly Appendage     Tmut           #.....       11%         1    #......
b - Sticks to Snakes      Tmut           #.......     16%         2    ###....

Your spell library contained the following spells:

 Spells                   Type           Power        Failure   Level  Hunger
 Spider Form              Tmut/Pois      #.........   45%         3    ###....
 Ice Form                 Ice/Tmut       #.......     86%         4    #####..
 Blade Hands              Tmut           #.........   96%         5    ######.


Dungeon Overview and Level Annotations

Branches:
Dungeon (2/15)

Altars:


Innate Abilities, Weirdness & Mutations

You cannot wear boots.
Your serpentine skin is tough. (AC +1)
You have supernaturally acute eyesight. (SInv)
Armour fits poorly on your strangely shaped body.
Your system is resistant to poisons. (rPois)
You cover ground very slowly.
You have a slow metabolism.
You can spit poison.


Message History

Your ball python grabs the adder.
Your ball python constricts the adder.
You hit the hobgoblin but do no damage.
The hobgoblin is severely wounded.
The adder bites your ball python.
Your ball python dies!
The hobgoblin barely misses you.
You hit the hobgoblin.
You kill the hobgoblin!
The adder barely misses you.
You miss the adder. The adder barely misses you.
You can't do that yet.
You miss the adder.
You have got your breath back.
The adder bites you.
* * * LOW HITPOINT WARNING * * *
Press: ? - help, Shift-Dir - straight line, f - adder
Aim: an adder The splash of poison misses the adder.
You feel slightly more hungry. The adder bites you.
You die...

# .## ....
.....
#####.....#
#††.S......
#÷###.#.#.#
#S# .. #@#
.# #)# #
##.# #..#
#.## #.#
#.# #.# ##
#.# ###
###.


You could see an adder.

Vanquished Creatures
  A worm (D:2)
  2 dart slugs
  A leopard gecko (D:1)
  3 giant cockroaches (D:1)
  A goblin (D:1)
  9 hobgoblins
  4 jackals (D:2)
  6 kobolds (D:1)
  A quokka (D:2)
  5 bats
  2 frilled lizards
  5 rats
40 creatures vanquished.

Notes
Turn   | Place    | Note
-------+----------+-------------------------------------------
     0 | D:1      | AlterAsc the Naga Transmuter began the quest for the Orb.
     0 | D:1      | Reached XP level 1. HP: 18/18 MP: 3/3
   311 | D:1      | Reached XP level 2. HP: 23/25 MP: 3/5
   480 | D:1      | Learned a level 2 spell: Sticks to Snakes
   664 | D:1      | Reached XP level 3. HP: 31/31 MP: 4/6
  1251 | D:2      | Slain by an adder

Levels and vault maps discovered:
D:1:      mrwooster_arrival_arrow, layout_basic
D:2:      layout_loops_ring, gammafunk_temple_overflow_wave, roderic_lattice_a

Action                   || total
-------------------------++-------
Melee: Unarmed           ||   150
       Headbutt          ||     9
       Punch             ||     2
 Cast: Beastly Appendage ||    17
       Sticks to Snakes  ||     2
 Abil: Spit Poison       ||     9
 Stab: Sleeping          ||     1
  Eat: Chunk             ||     1
Armor: Robe              ||     1
       Leather armour    ||    30
Dodge: Dodged            ||   102
